 Dungeon Crawl Stone Soup version 0.14-a0-1653-g0ad7a2c (webtiles) character file.

845 Mitsuki the Shield-Bearer (level 7, 0/60 HPs)
             Began as a Minotaur Fighter on Dec 27, 2013.
             Was an Initiate of Okawaru.
             Killed by divine providence
             ... invoked by an orc priest
              (13 damage)
             ... on Level 4 of the Dungeon.
             The game lasted 00:16:23 (3114 turns).

Mitsuki the Shield-Bearer (Minotaur Fighter)        Turns: 3114, Time: 00:16:23

HP   0/60        AC 13     Str 22      XL: 7   Next: 30%
MP   3/3         EV  5     Int  5      God: Okawaru [......]
Gold 185         SH 20     Dex 10      Spells:  0 memorised,  6 levels left

rFire  . . .     SeeInvis .     a - +1,+0 falchion (curse)
rCold  . . .     Clarity  .     f - +0 chain mail {rPois}
rNeg   . . .     Conserve .     c - +0 shield
rPois  +         rCorr    .     (helmet restricted)
rElec  .         rRot     .     g - +0 cloak
SustAb . .       Spirit   .     (no gloves)
rMut   .         Warding  .     i - +1 pair of dwarf boots
Saprov . . .     Stasis   .     (no amulet)
                                (no ring)
                                (no ring)

@: slightly resistant to hostile enchantments, extremely unstealthy
A: retaliatory headbutt, horns 2
a: Renounce Religion


You were on level 4 of the Dungeon.
You worshipped Okawaru.
Okawaru was noncommittal.
You were not hungry.

You visited 2 branches of the dungeon, and saw 5 of its levels.

You collected 185 gold pieces.

Inventory:

Hand weapons
 a - a cursed +1,+0 falchion (weapon)
Armour
 c - a +0 shield (worn)
 f - a +0 chain mail of poison resistance (worn)
 g - a +0 cloak (worn)
 i - a +1 pair of dwarven boots (worn)
Magical devices
 l - a wand of magic darts (13)
Comestibles
 d - 4 bread rations
Scrolls
 b - a scroll of enchant armour {unknown}
 e - 4 scrolls of identify
 j - a scroll of recharging {unknown}
 k - 3 scrolls of remove curse
 m - 6 scrolls of teleportation
 o - a scroll of fear
Potions
 h - a potion of agility
 n - a potion of speed {unknown}
 p - a potion of mutation {unknown}


   Skills:
 + Level 4.8 Fighting
 + Level 4.9 Long Blades
 + Level 5.5 Armour
 + Level 4.3 Dodging
 + Level 5.6 Shields


You had 6 spell levels left.
You didn't know any spells.

Dungeon Overview and Level Annotations

Branches:
Dungeon (4/16)             Temple (1/1) D:4

Altars:
Ashenzari
Cheibriados
Fedhas
Kikubaaqudgha
Nemelex Xobeh
Okawaru
Sif Muna
Vehumet
Xom
Yredelemnul
Zin
the Shining One

Shops:
D:4 =


Innate Abilities, Weirdness & Mutations

You reflexively headbutt those who attack you in melee.
You have a pair of horns on your head.


Message History

The orc priest hits you with an orcish flail.
You hit the orc priest but do no damage.
You headbutt the orc priest.
The orc priest is heavily wounded.
The orc priest's eyes start to glow.
You hit the orc priest but do no damage.
Your headbutt misses the orc priest.
The orc priest is heavily wounded.
The orc priest calls down the wrath of Beogh upon you.
Something smites you!
You barely miss the orc priest. You headbutt the orc priest!
The orc priest is almost dead.
The orc priest invokes the aid of Beogh against you.
Something smites you!
* * * LOW HITPOINT WARNING * * *
You closely miss the orc priest.
The orc priest is almost dead.
The orc priest mumbles some strange prayers to Beogh against you.
Something smites you!
You die...

#.##########.#####...# #.# #.#
#.###
#####.##########)#####.##########
..........>......................
#####.##########.#####.####....#.
>..............................#.
.......................####....#.
#####.##########o####### #######
#.# #@##############.. #####.###
#.................
#.......#######################.?
#..........)........)............
#.......#######################..
#.......# ### #########


You could see an orc priest.

Vanquished Creatures
  An ice beast (D:4)
  An ogre (D:4)
  2 hounds (D:4)
  Crazy Yiuf (D:4)
  3 orc priests (D:4)
  An orc wizard (D:4)
  A scorpion (D:4)
  Ijyb (D:2)
  Jessica (D:2)
  3 gnolls (D:3)
  A mummy (D:4)
  5 adders
  6 worms
  2 giant geckos (D:2)
  3 oozes
  10 orcs
  3 ball pythons
  9 bats
  3 giant cockroaches
  11 goblins
  8 hobgoblins
  2 jackals (D:2)
  A quokka (D:2)
  A giant newt (D:1)
  A goblin skeleton (D:4)
  10 kobolds
  7 rats
98 creatures vanquished.

Notes
Turn   | Place    | Note
--------------------------------------------------------------
     0 | D:1      | Mitsuki, the Minotaur Fighter, began the quest for the Orb.
     0 | D:1      | Reached XP level 1. HP: 19/19 MP: 1/1
    85 | D:1      | Reached XP level 2. HP: 16/27 MP: 1/1
   302 | D:1      | Reached skill level 4 in Fighting
   657 | D:2      | Noticed Ijyb
   665 | D:2      | Killed Ijyb
   665 | D:2      | Reached XP level 3. HP: 30/33 MP: 2/2
   834 | D:2      | Noticed Jessica
   844 | D:2      | Killed Jessica
   844 | D:2      | Reached XP level 4. HP: 33/40 MP: 2/2
   851 | D:2      | Reached skill level 1 in Dodging
  1504 | D:3      | Reached XP level 5. HP: 38/47 MP: 2/2
  2000 | D:4      | Found Tosifobb's Jewellery Shop.
  2016 | D:4      | Reached XP level 6. HP: 37/53 MP: 3/3
  2052 | D:4      | Noticed an ogre
  2328 | D:4      | Found a staircase to the Ecumenical Temple.
  2344 | Temple   | Entered the Ecumenical Temple
  2449 | Temple   | Became a worshipper of Warmaster Okawaru
  2562 | D:4      | Reached skill level 5 in Shields
  2619 | D:4      | Killed an ogre
  2619 | D:4      | Reached skill level 5 in Armour
  2629 | D:4      | Noticed an ice beast
  2637 | D:4      | Killed an ice beast
  2647 | D:4      | Noticed Crazy Yiuf
  2655 | D:4      | Killed Crazy Yiuf
  2655 | D:4      | Reached XP level 7. HP: 57/60 MP: 2/3
  3114 | D:4      | Killed from afar by an orc priest

Action                   |  1- 3 |  4- 6 |  7- 9 || total
-------------------------+-------+-------+-------++-------
Melee: Falchion          |    76 |   212 |    50 ||   338
  Use: Potion            |     6 |     1 |       ||     7
       Scroll            |       |     9 |       ||     9
